 Dungeon Crawl Stone Soup version 0.22-a0-538-g76cc104 (webtiles) character file.

382 inc the Digger (level 6, -5/36 HPs)
             Began as an Octopode Earth Elementalist on June 23, 2018.
             Slain by a centaur (8 damage)
             ... on level 5 of the Dungeon.
             The game lasted 00:07:43 (4406 turns).

inc the Digger (Octopode Earth Elementalist)        Turns: 4406, Time: 00:07:44

Health: -5/36      AC:  1    Str:  8    XL:     6   Next: 76%
Magic:  7/9        EV: 13    Int: 19    God:
Gold:   281        SH:  0    Dex: 12    Spells: 3/9 levels left

rFire    . . .     SeeInvis .   o - -2 dagger (curse)
rCold    . . .     Gourm    .   (no shield)
rNeg     . . .     Faith    .   (helmet restricted)
rPois    .         Spirit   .   (no amulet)
rElec    .         Reflect  .   (no ring)
rCorr    .         Harm     .   (no ring)
MR       .....                  (no ring)
Stlth    +++.......             (no ring)
HPRegen  0.12/turn              (no ring)
MPRegen  0.11/turn              (no ring)
                                (no ring)
                                (no ring)

@: no status effects
A: almost no armour, stealthy swim, amphibious, 8 rings, constrict 8, camouflage
1, gelatinous body 1
a: no special abilities


You were on level 5 of the Dungeon.
You were very hungry.

You visited 1 branch of the dungeon, and saw 5 of its levels.

You collected 281 gold pieces.

Inventory:

Hand Weapons
 f - a +0 vampiric short sword
 o - a cursed -2 dagger (weapon)
Missiles
 b - 23 stones (quivered)
Jewellery
 n - a cursed amulet of inaccuracy {unknown}
Wands
 k - a wand of iceblast (14)
Scrolls
 a - 2 scrolls of amnesia
 d - a scroll of enchant weapon
 e - 2 scrolls of teleportation
 j - a scroll of identify
Potions
 g - a potion of resistance
 h - a potion of brilliance
 i - a potion of heal wounds {unknown}
 l - a potion of flight {unknown}
 m - a potion of cancellation
Comestibles
 c - 7 rations


   Skills:
 - Level 2.0 Dodging
 - Level 2.6 Stealth
 + Level 2.0 Spellcasting
 - Level 1.0 Transmutations
 - Level 7.4 Earth Magic


You had 3 spell levels left.
You knew the following spells:

 Your Spells              Type           Power        Failure   Level  Hunger
a - Sandblast             Erth           ####..       1%          1    #......
b - Stone Arrow           Conj/Erth      ###...       11%         3    ###....
f - Passwall              Tmut/Erth      ###.....     4%          2    ###....

Your spell library contained the following spells:

 Spells                   Type           Power        Failure   Level  Hunger
 Lee's Rapid Deconstruct  Erth           ####......   22%         5    ######.
 Petrify                  Tmut/Erth      ###.....     30%         4    #####..


Dungeon Overview and Level Annotations

Branches:
Dungeon (5/15)
 Temple: D:4-7

Altars:

Shops:
D:4 (


Innate Abilities, Weirdness & Mutations

You cannot wear most types of armour.
You are very stealthy in the water. (Stealth+)
You are amphibious.
You can wear up to eight rings at the same time.
You can use your tentacles to constrict eight enemies at once.
Your skin changes colour to match your surroundings (Stealth+).
Your rubbery body absorbs attacks. (AC +1, EV +1)


Message History

Confirm with . or Enter, or press ? or * to list all spells.
Aiming: Sandblast (safe; 1% risk of failure)
Press: ? - help, Shift-Dir - straight line, f - centaur
Aim: a centaur The blast of sand hits the centaur.
The centaur is moderately wounded.
b - 24 stones The centaur barely misses you.
Casting: Sandblast (safe; 1% risk of failure)
Confirm with . or Enter, or press ? or * to list all spells.
Aiming: Sandblast (safe; 1% risk of failure)
Press: ? - help, Shift-Dir - straight line, f/p - centaur
Aim: a centaur (moderately wounded)
The blast of sand hits the centaur.
The centaur is heavily wounded.
b - 23 stones The centaur hits you.
* * * LOW HITPOINT WARNING * * *
The centaur hits you!
You die...

.. # .....## #. #.
.##.#..
#?###.###..#.#.#####
##..........#.#.....# .
.... <... #?#...?. #.
#.#####.###)#...# #
#.##.....#.?.......#...#
.(.............(@c....>#
#....##<#.###(#.#.##...
#.#...#.#.# #.#.# # #
##..#.#.# #%#$.
#.###...#.# #.....
#.....###.# .......
#####.###.# ........
#..# .. ....####. #..##
#.####


You could see a centaur.

Vanquished Creatures
  2 orc wizards
  An orc priest (D:3)
  Jessica (D:2)
  3 worker ants
  Robin (D:4)
  6 adders
  A shadow imp (D:5)
  An ooze (D:4)
  An adder skeleton (D:4)
  2 worms (D:2)
  A dart slug (D:2)
  5 leopard geckos
  6 orcs
  3 giant cockroaches
  18 goblins
  11 hobgoblins
  6 jackals
  2 quokkas
  4 ball pythons
  4 bats
  9 frilled lizards
  10 kobolds
  6 rats
104 creatures vanquished.

Notes
Turn   | Place    | Note
-------+----------+-------------------------------------------
     0 | D:1      | inc the Octopode Earth Elementalist began the quest for the Orb.
     0 | D:1      | Reached XP level 1. HP: 11/11 MP: 3/3
   236 | D:1      | Reached XP level 2. HP: 17/17 MP: 1/5
   524 | D:1      | Reached skill level 4 in Earth Magic
   638 | D:1      | Reached XP level 3. HP: 16/21 MP: 4/6
  1248 | D:2      | Noticed Jessica
  1250 | D:2      | Killed Jessica
  1250 | D:2      | Reached skill level 5 in Earth Magic
  1250 | D:2      | Reached XP level 4. HP: 27/27 MP: 5/7
  1887 | D:3      | Reached XP level 5. HP: 31/31 MP: 4/8
  2847 | D:3      | Reached skill level 6 in Earth Magic
  3356 | D:4      | Noticed Robin
  3460 | D:4      | Reached XP level 6. HP: 32/36 MP: 4/9
  3607 | D:4      | Found a sand-covered staircase.
  3656 | D:4      | Killed Robin
  3666 | D:4      | Reached skill level 7 in Earth Magic
  4171 | D:4      | Found Ducid's Antique Weapon Emporium.
  4306 | D:5      | Entered Level 5 of the Dungeon
  4346 | D:5      | Learned a level 2 spell: Passwall
  4350 | D:5      | Learned a level 3 spell: Stone Arrow
  4406 | D:5      | Slain by a centaur

Vault maps used:
D:1:      dpeg_arrival_yet_another_circle
D:2:      uniq_jessica
D:4:      serial_shops, shop, lightli_ossuary_entry_decrepit_ruins,
          kennysheep_small_spiral, uniq_robin
D:5:      slow_altar_2, lemuel_doored_altar, first_ration

Skill      XL: |  1  2  3  4  5  6 |
---------------+-------------------+-----
Earth Magic    | 4 5 6 7 |  7.4
Dodging        | |  2.0
Stealth        | |  2.6
Spellcasting   | |  2.0
Transmutations | |  1.0

Action                   |  1- 3 |  4- 6 || total
-------------------------+-------+-------++-------
Melee: Unarmed           |     8 |    17 ||    25
       Constrict         |     3 |     5 ||     8
       Tentacles         |     3 |     4 ||     7
       Dagger            |       |     8 ||     8
 Cast: Sandblast         |    47 |    98 ||   145
  Use: Scroll            |       |    11 ||    11
 Stab: Sleeping          |       |     1 ||     1
  Eat: Chunk             |     2 |     9 ||    11
Armor: Skin              |     1 |     3 ||     4
Dodge: Dodged            |    15 |    39 ||    54

Table legend:
 A = Spawn XP
 B = Non-spawn XP
 C = Spawn XP percentage of total XP
 D = Spawn monster count
 E = Non-spawn monster count
 F = Spawn count percentage of total count
 G = Total turns spent on level
                    A         B        C        D         E        F      G
               +---------+---------+-------+---------+---------+-------+---------
         Total |       0 |     547 |   0.0 |       0 |     104 |   0.0 |  4406
               +---------+---------+-------+---------+---------+-------+---------
           D:1 |       0 |      48 |   0.0 |       0 |      27 |   0.0 |   986
           D:2 |       0 |     114 |   0.0 |       0 |      22 |   0.0 |   939
           D:3 |       0 |     135 |   0.0 |       0 |      25 |   0.0 |  1540
           D:4 |       0 |     204 |   0.0 |       0 |      27 |   0.0 |   841
           D:5 |       0 |      46 |   0.0 |       0 |       3 |   0.0 |   100
               +---------+---------+-------+---------+---------+-------+---------
